 Dungeon Crawl Stone Soup version 0.20-a0-835-gd6476b5 (webtiles) character file.

167 AlphabetPasta the Bolt Thrower (level 5, -7/30 HPs)
             Began as a Tengu Arcane Marksman on Mar 7, 2017.
             Was an Initiate of Okawaru.
             Mangled by a slave (10 damage)
             ... led by Pikel
             ... on level 4 of the Dungeon.
             The game lasted 00:13:44 (2936 turns).

AlphabetPasta the Bolt Thrower (TeAM)               Turns: 2936, Time: 00:13:44

Health: -7/30      AC:  3    Str: 11    XL:     5   Next: 48%
Magic:  8/8        EV: 13    Int: 13    God:    Okawaru [......]
Gold:   154        SH:  0    Dex: 15    Spells: 1/7 levels left

rFire    . . .     SeeInvis .   a - +2 dagger (flame)
rCold    . . .     Gourm    .   e - +0 robe
rNeg     . . .     Faith    .   (no shield)
rPois    .         Spirit   .   (helmet restricted)
rElec    .         Reflect  .   o - +0 cloak
rCorr    .         Harm     .   (no gloves)
MR       .....                  (boots unavailable)
Stlth    +.........             p - amulet of regeneration
Regen    0.5/turn               (no ring)
MPRegen  0.2/turn               (no ring)

@: no status effects
A: beak, talons 3, able to fly 1
a: Fly, Renounce Religion


You were on level 4 of the Dungeon.
You worshipped Okawaru.
Okawaru was noncommittal.
You were not hungry.

You visited 1 branch of the dungeon, and saw 4 of its levels.

You collected 154 gold pieces.

Inventory:

Hand Weapons
 a - a +2 dagger of flaming (weapon)
 b - a +0 hand crossbow
 v - a +0 scimitar
Missiles
 d - 43 bolts
 r - 5 tomahawks (quivered)
Armour
 e - a +0 robe (worn)
 o - a +0 cloak (worn)
Jewellery
 h - an uncursed ring of stealth {unknown}
 p - an amulet of regeneration (around neck)
 s - a +3 ring of intelligence {unknown}
 t - an uncursed ring of protection from fire {unknown}
Scrolls
 l - 2 scrolls of teleportation
 q - a scroll of amnesia {unknown}
Potions
 g - a potion of berserk rage
 i - 2 potions of curing
 n - 2 potions of flight
 w - a potion of lignification {unknown}
 x - a potion of mutation {unknown}
Books
 c - a book of Debilitation

   Spells                             Type                      Level
   a - Corona                         Hexes                        1
   b - Slow                           Hexes                        2
   c - Inner Flame                    Hexes/Fire                   3
   d - Portal Projectile              Hexes/Translocation          3
   e - Cause Fear                     Hexes                        4
   f - Leda's Liquefaction            Hexes/Earth                  4
 j - a book of Minor Magic

   Spells                             Type                      Level
   a - Magic Dart                     Conjuration                  1
   b - Blink                          Translocation                2
   c - Call Imp                       Summoning                    2
   d - Slow                           Hexes                        2
   e - Conjure Flame                  Conjuration/Fire             3
   f - Mephitic Cloud                 Conjuration/Poison/Air       3
Comestibles
 f - 2 bread rations
 k - 2 fruits
 m - a meat ration
 u - a chunk of flesh


   Skills:
 + Level 2.0 Fighting
 * Level 0.0 Long Blades
 * Level 3.8 Crossbows
 + Level 3.1 Dodging
 + Level 1.9 Spellcasting
 + Level 2.7 Hexes
 + Level 0.6 Invocations


You had one spell level left.
You knew the following spells:

 Your Spells              Type           Power        Failure   Level  Hunger
a - Corona                Hex            #......      10%         1    ##.....
b - Slow                  Hex            #.......     14%         2    ###....
c - Portal Projectile     Hex/Tloc       #.....       52%         3    ####...


Dungeon Overview and Level Annotations

Branches:
Dungeon (4/15)
 Temple: D:4-7

Altars:
Okawaru
Uskayaw

Shops:
D:4 %

Annotations:
D:4 Pikel


Innate Abilities, Weirdness & Mutations

You have a beak for a mouth.
You have claws for feet.
You can fly.


Message History

You hit the slave. You burn the slave. Your kick misses the slave.
The slave is almost dead.
The slave hits you!
* * * LOW HITPOINT WARNING * * *
You feel better. The slave hits you.
* * * LOW HITPOINT WARNING * * *
You closely miss the slave.
The slave is almost dead.
The slave completely misses you.
You hit the slave but do no damage.
The slave is almost dead.
The slave closely misses you.
You hit the slave but do no damage. Your kick misses the slave.
The slave is almost dead.
The slave hits you.
* * * LOW HITPOINT WARNING * * *
You barely miss the slave.
The slave is almost dead.
The slave hits you!
You die...

#### #..# #[8# #..#
###############..#
#....@p(.(......∩#
#.#########.####.# #.#...
..#.# .#
########.#.#####.#p# 8#
+..............#§#.# ..
########.#.#..§#.#.##....
...............<.........
#######.#.###.#.#.##..p.K
#.#.....#.#.# p...


You could see a slave.

Vanquished Creatures
  2 slaves (D:4)
  An orc wizard (D:3)
  6 adders
  An ooze (D:1)
  2 worms
  2 dart slugs
  3 leopard geckos
  3 orcs (D:3)
  9 bats
  6 giant cockroaches
  7 goblins
  8 hobgoblins
  3 jackals (D:1)
  A quokka (D:3)
  2 ball pythons (D:3)
  2 frilled lizards
  8 kobolds
  7 rats
73 creatures vanquished.

Notes
Turn   | Place    | Note
-------+----------+-------------------------------------------
     0 | D:1      | AlphabetPasta the Tengu Arcane Marksman began the quest for the Orb.
     0 | D:1      | Reached XP level 1. HP: 12/12 MP: 3/3
   244 | D:1      | Reached XP level 2. HP: 16/16 MP: 4/4
   248 | D:1      | Learned a level 2 spell: Slow
   810 | D:1      | Reached XP level 3. HP: 14/20 MP: 5/5
  1456 | D:2      | Reached XP level 4. HP: 22/25 MP: 7/7
  1464 | D:2      | Learned a level 3 spell: Portal Projectile
  1622 | D:2      | Found an iron altar of Okawaru.
  1636 | D:2      | Became a worshipper of Warmaster Okawaru
  1967 | D:3      | Gained mutation: You can fly. [Tengu growth]
  1967 | D:3      | Reached XP level 5. HP: 26/30 MP: 8/8
  2266 | D:3      | Found a hide-covered altar of Uskayaw.
  2723 | D:4      | Upgraded the game from 0.20-a0-833-gc632bec to 0.20-a0-835-gd6476b5
  2744 | D:4      | Found Ququyt's Food Shop.
  2750 | D:4      | Noticed a slave
  2751 | D:4      | Noticed a slave
  2758 | D:4      | Noticed Pikel
  2781 | D:4      | Killed a slave
  2834 | D:4      | Noticed a slave
  2862 | D:4      | Killed a slave
  2910 | D:4      | Noticed a slave
  2936 | D:4      | Mangled by a slave

Vault maps used:
D:1:      wheals_arrival_linesprint, serial_co_window_serial, co_window_paths_a,
          co_window_paths_b, co_window_corner_a, co_window_corner_a,
          co_window_paths_b, co_window_broadway_b, co_window_paths_c,
          co_window_paths_c, co_window_paths_c, glass_columns_a, glass_columns_a
D:2:      first_bread, okawaru_gym_becter
D:3:      eat_drink_and_be_merry_uskayaw
D:4:      cheibriados_altar_1, serial_shops, shop_statue, uniq_pikel,
          uniq_edmund

Skill      XL: |  1  2  3  4  5 |
---------------+----------------+-----
Crossbows      | 3 |  3.8
Fighting       | 2 |  2.0
Dodging        | 3 |  3.1
Spellcasting   | |  1.9
Hexes          | |  2.7
Invocations    | |  0.6

Action                   |  1- 3 |  4- 6 || total
-------------------------+-------+-------++-------
Melee: Dagger            |    63 |   136 ||   199
       Kick              |    10 |    33 ||    43
       Peck              |     6 |    22 ||    28
 Fire: Hand crossbow     |    11 |    13 ||    24
  Use: Scroll            |     5 |     4 ||     9
       Potion            |       |     1 ||     1
 Stab: Sleeping          |     1 |     1 ||     2
  Eat: Chunk             |     1 |     5 ||     6
       Fruit             |       |     1 ||     1
Armor: Robe              |     6 |    13 ||    19
Dodge: Dodged            |    46 |    71 ||   117
